Map: Newkirk Precinct TE (Void)

Players

Tesserakt - Winner!

  • Race: Zerg Zerg
  • League: Master
  • Spawn Location: 7:00

Railgan

  • Race: Protoss Protoss
  • League: Grandmaster
  • Spawn Location: 5:00

VOD

Have the link to the VOD?

Description

Time

  • Played on: March 18, 2017, 3:52 p.m.
  • Length: 5:28
Show
View Real Time Build Order
Export as new Build Order

Tesserakt Zerg - Winner!

Build Orders: Hatch First 

Get SALT Encoding   

  12  0:00  Drone  
  13  0:13  Overlord  
  13  0:18  Drone  
  14  0:33  Drone x2  
  17  0:35  Drone  
  17  0:55  Hatchery  
  17  0:56  Drone  
  17  0:59  Drone  
  18  1:10  Extractor  
  17  1:14  Spawning Pool  
  17  1:17  Drone  
  17  1:21  Drone  
  18  1:31  Drone  
  19  1:42  Overlord  
  19  1:53  Overlord  
  19  2:01  Queen  
  19  2:02  Zergling x2  
  19  2:07  Zergling x2  
  19  2:08  Queen  
  25  2:13  Zergling x2  
  26  2:24  Metabolic Boost  
  26  2:26  Zergling x4  
  26  2:29  Zergling x2  
  29  2:30  Evolution Chamber  
  29  2:36  Zergling x2  
  29  2:42  Zergling x2  
  30  2:45  Zergling x2  
  30  2:50  Zergling x2  
  32  3:01  Zergling x4  
  34  3:08  Zergling x2  
  34  3:11  Zergling x2  
  36  3:15  Zergling x6  
  39  3:21  Zergling x8  
  41  3:32  Zergling x4  
  41  3:43  Zergling x4  
  40  3:53  Zergling x4  
  40  4:07  Zergling x12  
  36  4:19  Zergling x4  
  35  4:28  Zergling x14  
  40  4:40  Zergling x4  
  41  4:50  Zergling x4  
  41  4:59  Zergling x10  
Show
View Real Time Build Order
Export as new Build Order

Railgan Protoss 

Build Orders: 1 Gate Expand 

Get SALT Encoding   

  12  0:01  Probe (Chrono Boost)  
  13  0:11  Probe (Chrono Boost)  
  14  0:22  Probe (Chrono Boost)  
  14  0:23  Pylon  
  15  0:41  Gateway, Probe (Chrono Boost)  
  16  0:48  Assimilator  
  16  0:52  Probe (Chrono Boost)  
  17  0:59  Assimilator  
  17  1:02  Probe (Chrono Boost)  
  18  1:13  Probe (Chrono Boost)  
  19  1:23  Probe (Chrono Boost)  
  20  1:31  Nexus  
  20  1:34  Probe (Chrono Boost)  
  21  1:50  Cybernetics Core  
  21  1:51  Pylon  
  22  1:54  Probe (Chrono Boost)  
  22  2:05  Probe (Chrono Boost)  
  23  2:15  Probe (Chrono Boost)  
  24  2:22  Stalker  
  24  2:27  Probe (Chrono Boost)  
  26  2:39  Probe (Chrono Boost)  
  26  2:43  Probe (Chrono Boost)  
  28  2:45  Pylon, Warp Gate  
  29  2:51  Adept, Probe (Chrono Boost)  
  29  2:54  Probe (Chrono Boost)  
  29  2:56  Stargate  
  32  3:03  Probe (Chrono Boost)  
  32  3:05  Probe (Chrono Boost)  
  34  3:16  Probe (Chrono Boost)  
  34  3:17  Mothership Core (Chrono Boost), Pylon  
  37  3:25  Pylon  
  37  3:26  Probe (Chrono Boost)  
  40  3:36  Pylon  
  40  3:37  Probe (Chrono Boost)  
  40  3:38  Adept  
  40  3:40  Pylon  
  38  3:50  Probe (Chrono Boost)  
  37  4:00  Probe (Chrono Boost)  
  32  4:11  Adept  
  32  4:12  Pylon  
  26  4:28  Probe (Chrono Boost)  
  26  4:30  Probe (Chrono Boost)  
  27  4:39  Probe (Chrono Boost)  
  27  4:45  Probe (Chrono Boost)  
  30  4:57  Probe (Chrono Boost)  
  27  5:00  Pylon, Adept  
  27  5:07  Pylon  
  25  5:19  Adept  
Tags
 
Add a new tag
Caveats
  • Supply blocks, unpowered buildings, or Contaminate may cause inaccurate times.
  • Supply counts are checked every 10 seconds.